[ AOE2 MATCH · #484188322 ]
UnrankedItalians vs Tupi
[ REPLAY ANALYSIS · EXTRACTED FROM THE RECORDED GAME ]
Feudal
—
Castle
—
Imperial
—
| APM avg | 14.5 |
| APM peak | 34 |
| eAPM avg | 10.9 |
| Villagers / military | 71 / 0 |
Focus
⚔️ 0.0% · 🌾 100.0%
Feudal
—
Castle
—
Imperial
—
| APM avg | 18.9 |
| APM peak | 44 |
| eAPM avg | 18.9 |
| Villagers / military | 104 / 2 |
Focus
⚔️ 2.9% · 🌾 97.1%
Monk ×2
Feudal
—
Castle
—
Imperial
—
| APM avg | 31.2 |
| APM peak | 41 |
| eAPM avg | 28.5 |
| Villagers / military | 42 / 0 |
Focus
⚔️ 6.1% · 🌾 93.9%
Feudal
—
Castle
—
Imperial
—
| APM avg | 21.7 |
| APM peak | 53 |
| eAPM avg | 21.7 |
| Villagers / military | 157 / 0 |
Focus
⚔️ 0.0% · 🌾 100.0%
Feudal
—
Castle
—
Imperial
—
| APM avg | 9.6 |
| APM peak | 17 |
| eAPM avg | 8.7 |
| Villagers / military | 67 / 0 |
Focus
⚔️ 2.3% · 🌾 97.7%
Feudal
—
Castle
—
Imperial
—
| APM avg | 13.5 |
| APM peak | 18 |
| eAPM avg | 11.4 |
| Villagers / military | 60 / 0 |
Focus
⚔️ 0.0% · 🌾 100.0%
Trade Cart ×35
Match map
Initial resources + every placement click. Lines = walls · curves = elevation contours. ◆ gold · ⬟ stone · ● berries · ✦ relic · ◌ wall gap
Your base
Daen's base
Elgallodeoro's base
ZigzagCarpet746's base
Kurt Knispel's base
kantus12's base
Smoothed initial terrain · ◌ = detected wall gap · hover for details
Inputs per minute
— JDdaGABARA - - Daen
Build order — JDdaGABARA
59 actions detected in the replay
| 0:03 | Create | Villager (Male) ×15 |
| 0:04 | Create | Villager (Male) |
| 0:11 | Build | Town Center |
| 0:16 | Build | Town Center |
| 0:23 | Build | Town Center |
| 0:28 | Build | Town Center |
| 0:37 | Build | Market |
| 0:41 | Build | Market |
| 0:45 | Build | Market |
| 0:57 | Build | Lumber Camp |
| 1:05 | Build | House |
| 1:08 | Build | House |
| 1:10 | Build | House |
| 1:12 | Build | House |
| 1:13 | Build | House |
| 1:14 | Build | House |
| 1:15 | Build | House |
| 1:16 | Build | House |
| 1:17 | Build | House |
| 1:18 | Build | House |
| 1:19 | Build | House |
| 1:20 | Build | House |
| 1:21 | Build | House |
| 1:22 | Build | House |
| 1:23 | Build | House |
| 1:24 | Build | House |
| 1:25 | Build | House |
| 1:26 | Build | House |
| 1:26 | Build | House |
| 1:27 | Build | House |
| 1:39 | Build | House |
| 1:40 | Build | House |
| 1:41 | Build | House |
| 1:42 | Build | House |
| 1:43 | Build | House |
| 1:44 | Build | House |
| 1:45 | Build | House |
| 1:50 | Build | House |
| 1:51 | Build | House |
| 1:53 | Build | House |
| 1:54 | Build | House |
| 1:57 | Build | House |
| 1:58 | Build | House |
| 1:59 | Build | House |
| 2:00 | Build | House |
| 2:01 | Build | House |
| 2:02 | Build | House |
| 2:03 | Build | House |
| 2:04 | Build | House |
| 2:05 | Build | House |
| 2:43 | Create | Villager (Male) ×15 |
| 2:43 | Create | Villager (Male) |
| 2:46 | Create | Villager (Male) ×6 |
| 2:46 | Create | Villager (Male) |
| 2:48 | Create | Villager (Male) ×15 |
| 2:48 | Create | Villager (Male) |
| 2:54 | Create | Villager (Male) ×15 |
| 2:55 | Create | Villager (Male) |
| 3:09 | Build | Mill |
Build order — Daen
100 actions detected in the replay
| 0:11 | Build | Market |
| 0:12 | Build | Market |
| 0:15 | Build | Market |
| 0:16 | Build | Market |
| 0:18 | Build | Market |
| 0:24 | Build | House |
| 0:25 | Build | House |
| 0:26 | Build | House |
| 0:26 | Build | House |
| 0:27 | Build | House |
| 0:29 | Build | House |
| 0:32 | Build | House |
| 0:33 | Build | House |
| 0:33 | Build | House |
| 0:33 | Build | House |
| 0:34 | Build | House |
| 0:34 | Build | House |
| 0:35 | Build | House |
| 0:36 | Build | House |
| 0:36 | Build | House |
| 0:37 | Build | House |
| 0:38 | Build | House |
| 0:42 | Build | House |
| 0:42 | Build | House |
| 0:43 | Build | House |
| 0:43 | Build | House |
| 0:44 | Build | House |
| 0:44 | Build | House |
| 0:46 | Build | House |
| 0:46 | Build | House |
| 0:47 | Build | House |
| 0:47 | Build | House |
| 0:48 | Build | House |
| 0:48 | Build | House |
| 0:53 | Build | House |
| 0:55 | Build | House |
| 0:56 | Build | House |
| 0:57 | Build | House |
| 0:57 | Build | House |
| 0:57 | Build | House |
| 0:58 | Build | House |
| 0:58 | Build | House |
| 1:01 | Build | House |
| 1:01 | Build | House |
| 1:02 | Build | House |
| 1:03 | Build | House |
| 1:03 | Build | House |
| 1:03 | Build | House |
| 1:04 | Build | House |
| 1:05 | Build | House |
| 1:06 | Build | House |
| 1:06 | Build | House |
| 1:06 | Build | House |
| 1:07 | Build | House |
| 1:07 | Build | House |
| 1:07 | Build | House |
| 1:21 | Build | Monastery |
| 1:25 | Build | Town Center |
| 1:28 | Build | Town Center |
| 1:30 | Build | Town Center |
| 1:32 | Build | Town Center |
| 1:34 | Build | Town Center |
| 1:35 | Build | Town Center |
| 1:37 | Build | Town Center |
| 1:39 | Build | Town Center |
| 1:52 | Build | Town Center |
| 1:55 | Build | Town Center |
| 1:58 | Build | Town Center |
| 2:02 | Build | Town Center |
| 2:06 | Build | Town Center |
| 2:13 | Build | Town Center |
| 2:16 | Build | Town Center |
| 2:26 | Create | Villager (Male) ×5 |
| 2:27 | Create | Villager (Male) ×5 |
| 2:27 | Create | Villager (Male) ×5 |
| 2:28 | Create | Villager (Male) ×5 |
| 2:28 | Create | Villager (Male) ×5 |
| 2:28 | Create | Villager (Male) ×5 |
| 2:56 | Build | Market |
| 2:58 | Build | Market |
| 2:59 | Build | Market |
| 3:10 | Create | Villager (Male) ×5 |
| 3:10 | Create | Villager (Male) ×5 |
| 3:10 | Create | Villager (Male) ×5 |
| 3:11 | Create | Villager (Male) ×5 |
| 3:11 | Create | Villager (Male) ×5 |
| 3:12 | Create | Villager (Male) ×5 |
| 3:12 | Create | Villager (Male) ×2 |
| 3:14 | Create | Villager (Male) ×5 |
| 3:15 | Create | Villager (Male) ×5 |
| 3:15 | Create | Villager (Male) ×5 |
| 3:15 | Create | Villager (Male) ×5 |
| 3:32 | Build | Mining Camp |
| 3:37 | Create | Monk |
| 3:37 | Create | Monk |
| 3:42 | Create | Villager (Male) ×5 |
| 3:43 | Create | Villager (Male) ×5 |
| 3:43 | Create | Villager (Male) ×5 |
| 3:43 | Create | Villager (Male) ×5 |
| 3:44 | Create | Villager (Male) ×2 |
Build order — Elgallodeoro
134 actions detected in the replay
| 0:02 | Create | Villager (Male) |
| 0:02 | Create | Villager (Male) |
| 0:03 | Create | Villager (Male) |
| 0:03 | Create | Villager (Male) |
| 0:03 | Create | Villager (Male) |
| 0:04 | Create | Villager (Male) |
| 0:04 | Create | Villager (Male) |
| 0:04 | Create | Villager (Male) |
| 0:05 | Create | Villager (Male) |
| 0:08 | Build | House |
| 0:13 | Build | House |
| 0:15 | Build | House |
| 0:22 | Build | House |
| 0:23 | Build | House |
| 0:29 | Build | Town Center |
| 0:43 | Build | Farm |
| 0:58 | Build | House |
| 0:59 | Build | House |
| 0:59 | Build | House |
| 1:00 | Build | House |
| 1:00 | Build | House |
| 1:00 | Build | House |
| 1:01 | Build | House |
| 1:02 | Build | House |
| 1:02 | Build | House |
| 1:02 | Build | House |
| 1:03 | Build | House |
| 1:03 | Build | House |
| 1:04 | Build | House |
| 1:05 | Build | House |
| 1:05 | Build | House |
| 1:05 | Build | House |
| 1:06 | Build | House |
| 1:06 | Build | House |
| 1:06 | Build | House |
| 1:07 | Build | House |
| 1:08 | Build | House |
| 1:08 | Build | House |
| 1:09 | Build | House |
| 1:09 | Build | House |
| 1:10 | Build | House |
| 1:10 | Build | House |
| 1:25 | Build | Town Center |
| 1:32 | Create | Villager (Male) |
| 1:32 | Create | Villager (Male) |
| 1:33 | Create | Villager (Male) |
| 1:33 | Create | Villager (Male) |
| 1:33 | Create | Villager (Male) |
| 1:34 | Create | Villager (Male) |
| 1:34 | Create | Villager (Male) |
| 2:07 | Build | Castle |
| 2:08 | Build | Castle |
| 2:09 | Build | Castle |
| 2:12 | Build | Castle |
| 2:15 | Build | Castle |
| 2:16 | Build | Castle |
| 2:18 | Build | Castle |
| 2:20 | Build | Castle |
| 2:23 | Build | Castle |
| 2:39 | Create | Villager (Male) |
| 2:39 | Create | Villager (Male) |
| 2:39 | Create | Villager (Male) |
| 2:40 | Create | Villager (Male) |
| 2:40 | Create | Villager (Male) |
| 2:40 | Create | Villager (Male) |
| 2:41 | Create | Villager (Male) |
| 2:41 | Create | Villager (Male) |
| 2:41 | Create | Villager (Male) |
| 2:41 | Create | Villager (Male) |
| 2:42 | Create | Villager (Male) |
| 2:42 | Create | Villager (Male) |
| 2:42 | Create | Villager (Male) |
| 2:43 | Create | Villager (Male) |
| 2:43 | Create | Villager (Male) |
| 2:43 | Create | Villager (Male) |
| 2:44 | Create | Villager (Male) |
| 2:44 | Create | Villager (Male) |
| 3:15 | Build | Town Center |
| 3:19 | Create | Villager (Male) |
| 3:20 | Create | Villager (Male) |
| 3:20 | Create | Villager (Male) |
| 3:20 | Create | Villager (Male) |
| 3:21 | Create | Villager (Male) |
| 3:21 | Create | Villager (Male) |
| 3:21 | Create | Villager (Male) |
| 3:21 | Create | Villager (Male) |
| 3:50 | Build | Market |
| 3:51 | Build | Market |
| 3:53 | Build | Market |
| 3:55 | Build | Market |
| 3:56 | Build | Market |
| 3:57 | Build | Market |
| 4:25 | Build | Settlement |
| 4:26 | Build | Settlement |
| 4:28 | Build | Settlement |
| 4:30 | Build | Settlement |
| 4:32 | Build | Settlement |
| 4:33 | Build | Settlement |
| 4:38 | Build | Farm |
| 4:40 | Build | Farm |
| 4:41 | Build | Farm |
| 4:41 | Build | Farm |
| 4:41 | Build | Farm |
| 4:42 | Build | Farm |
| 4:42 | Build | Farm |
| 4:42 | Build | Farm |
| 4:42 | Build | Farm |
| 4:43 | Build | Farm |
| 4:43 | Build | Farm |
| 4:44 | Build | Farm |
| 4:45 | Build | Farm |
| 4:45 | Build | Farm |
| 4:47 | Build | Farm |
| 4:47 | Build | Farm |
| 4:47 | Build | Farm |
| 4:48 | Build | Farm |
| 4:48 | Build | Farm |
| 4:50 | Build | Farm |
| 4:51 | Build | Farm |
| 4:51 | Build | Farm |
| 4:52 | Build | Farm |
| 4:54 | Build | Farm |
| 5:05 | Build | Farm |
| 5:26 | Build | Farm |
| 5:26 | Build | Farm |
| 5:26 | Build | Farm |
| 5:27 | Build | Farm |
| 5:27 | Build | Farm |
| 5:27 | Build | Farm |
| 5:28 | Build | Farm |
| 5:30 | Build | Farm |
| 5:30 | Build | Farm |
| 5:32 | Build | Farm |
| 5:33 | Build | Farm |
Build order — ZigzagCarpet746
100 actions detected in the replay
| 0:43 | Build | Town Center |
| 0:44 | Build | Town Center |
| 0:47 | Build | Town Center |
| 0:49 | Build | Town Center |
| 0:54 | Build | Town Center |
| 0:56 | Build | Town Center |
| 0:58 | Build | Town Center |
| 1:04 | Build | Town Center |
| 1:06 | Build | Town Center |
| 1:09 | Build | Town Center |
| 1:13 | Build | Town Center |
| 1:22 | Build | Town Center |
| 1:27 | Build | Town Center |
| 1:29 | Build | Town Center |
| 1:50 | Create | Villager (Male) ×5 |
| 1:50 | Create | Villager (Male) ×5 |
| 1:51 | Create | Villager (Male) ×5 |
| 1:51 | Create | Villager (Male) |
| 2:00 | Build | House |
| 2:01 | Build | House |
| 2:01 | Build | House |
| 2:01 | Build | House |
| 2:02 | Build | House |
| 2:02 | Build | House |
| 2:02 | Build | House |
| 2:03 | Build | House |
| 2:03 | Build | House |
| 2:04 | Build | House |
| 2:04 | Build | House |
| 2:05 | Build | House |
| 2:05 | Build | House |
| 2:06 | Build | House |
| 2:07 | Build | House |
| 2:07 | Build | House |
| 2:08 | Build | House |
| 2:09 | Build | House |
| 2:09 | Build | House |
| 2:10 | Build | House |
| 2:10 | Build | House |
| 2:11 | Build | House |
| 2:14 | Build | House |
| 2:15 | Build | House |
| 2:15 | Build | House |
| 2:15 | Build | House |
| 2:19 | Build | House |
| 2:19 | Build | House |
| 2:19 | Build | House |
| 2:20 | Build | House |
| 2:20 | Build | House |
| 2:21 | Build | House |
| 2:21 | Build | House |
| 2:21 | Build | House |
| 2:22 | Build | House |
| 2:22 | Build | House |
| 2:31 | Create | Villager (Male) ×5 |
| 2:32 | Create | Villager (Male) ×5 |
| 2:32 | Create | Villager (Male) ×5 |
| 2:32 | Create | Villager (Male) ×5 |
| 2:32 | Create | Villager (Male) ×5 |
| 2:33 | Create | Villager (Male) ×5 |
| 2:33 | Create | Villager (Male) ×5 |
| 2:34 | Create | Villager (Male) ×5 |
| 2:34 | Create | Villager (Male) ×5 |
| 2:34 | Create | Villager (Male) ×5 |
| 2:35 | Create | Villager (Male) ×5 |
| 2:45 | Build | Market |
| 2:52 | Build | Market |
| 2:54 | Build | Market |
| 2:56 | Build | Market |
| 3:00 | Build | Market |
| 3:20 | Create | Villager (Male) ×5 |
| 3:21 | Create | Villager (Male) ×5 |
| 3:21 | Create | Villager (Male) ×5 |
| 3:21 | Create | Villager (Male) ×5 |
| 3:22 | Create | Villager (Male) ×5 |
| 3:22 | Create | Villager (Male) ×5 |
| 3:22 | Create | Villager (Male) |
| 3:54 | Build | Town Center |
| 3:57 | Build | Town Center |
| 4:11 | Build | Town Center |
| 4:16 | Build | Town Center |
| 4:19 | Build | Town Center |
| 4:27 | Build | Town Center |
| 5:09 | Create | Villager (Male) ×5 |
| 5:10 | Create | Villager (Male) ×5 |
| 5:10 | Create | Villager (Male) ×5 |
| 5:11 | Create | Villager (Male) ×5 |
| 5:11 | Create | Villager (Male) ×5 |
| 5:11 | Create | Villager (Male) ×5 |
| 5:12 | Create | Villager (Male) ×5 |
| 5:12 | Create | Villager (Male) ×5 |
| 5:12 | Create | Villager (Male) ×5 |
| 5:13 | Create | Villager (Male) ×5 |
| 5:13 | Create | Villager (Male) ×5 |
| 5:37 | Build | House |
| 5:39 | Build | House |
| 5:41 | Build | House |
| 5:44 | Build | House |
| 5:48 | Build | House |
| 5:50 | Build | House |
Build order — Kurt Knispel
35 actions detected in the replay
| 0:12 | Build | Town Center |
| 0:30 | Build | Town Center |
| 0:43 | Build | Town Center |
| 0:49 | Create | Villager (Male) ×5 |
| 0:49 | Create | Villager (Male) ×5 |
| 0:49 | Create | Villager (Male) ×5 |
| 1:04 | Create | Villager (Male) ×5 |
| 1:05 | Create | Villager (Male) ×5 |
| 1:18 | Build | Town Center |
| 1:30 | Create | Villager (Male) ×5 |
| 1:30 | Create | Villager (Male) ×5 |
| 2:06 | Build | Market |
| 2:12 | Build | Market |
| 2:25 | Create | Villager (Male) ×5 |
| 2:26 | Create | Villager (Male) ×5 |
| 2:26 | Create | Villager (Male) ×5 |
| 3:07 | Build | Lumber Camp |
| 3:25 | Create | Villager (Male) |
| 3:25 | Create | Villager (Male) |
| 3:40 | Create | Villager (Male) ×5 |
| 3:57 | Build | Monastery |
| 4:09 | Create | Villager (Male) ×5 |
| 4:10 | Create | Villager (Male) ×5 |
| 4:26 | Build | House |
| 4:27 | Build | House |
| 4:27 | Build | House |
| 4:28 | Build | House |
| 4:28 | Build | House |
| 4:29 | Build | House |
| 4:32 | Build | House |
| 4:33 | Build | House |
| 4:34 | Build | House |
| 4:34 | Build | House |
| 4:34 | Build | House |
| 4:52 | Build | Mining Camp |
Build order — kantus12
51 actions detected in the replay
| 0:24 | Build | Town Center |
| 0:50 | Build | Town Center |
| 1:19 | Build | Market |
| 1:21 | Build | Market |
| 1:44 | Create | Villager (Male) ×5 |
| 1:44 | Create | Villager (Male) ×5 |
| 1:45 | Create | Villager (Male) ×5 |
| 1:45 | Create | Villager (Male) ×5 |
| 2:01 | Build | Mining Camp |
| 2:04 | Build | Mining Camp |
| 2:08 | Build | Mining Camp |
| 2:29 | Create | Villager (Male) ×5 |
| 2:29 | Create | Villager (Male) ×5 |
| 2:29 | Create | Villager (Male) ×5 |
| 2:29 | Create | Villager (Male) ×5 |
| 2:39 | Create | Villager (Male) ×5 |
| 2:40 | Create | Villager (Male) ×5 |
| 2:40 | Create | Villager (Male) ×5 |
| 2:40 | Create | Villager (Male) ×5 |
| 2:56 | Build | House |
| 2:58 | Build | House |
| 3:00 | Build | House |
| 3:01 | Build | House |
| 3:03 | Build | House |
| 3:36 | Create | Trade Cart ×5 |
| 3:36 | Create | Trade Cart ×5 |
| 3:36 | Create | Trade Cart ×5 |
| 3:37 | Create | Trade Cart ×5 |
| 3:37 | Create | Trade Cart ×5 |
| 3:37 | Create | Trade Cart ×5 |
| 3:37 | Create | Trade Cart ×5 |
| 3:54 | Build | House |
| 3:56 | Build | House |
| 3:58 | Build | House |
| 3:59 | Build | House |
| 4:01 | Build | House |
| 4:03 | Build | House |
| 4:05 | Build | House |
| 4:07 | Build | House |
| 4:15 | Build | House |
| 4:16 | Build | House |
| 4:19 | Build | House |
| 4:23 | Build | House |
| 4:25 | Build | House |
| 4:27 | Build | House |
| 4:28 | Build | House |
| 4:30 | Build | House |
| 4:33 | Build | House |
| 4:36 | Build | House |
| 4:38 | Build | House |
| 4:39 | Build | House |
Match timeline
| 1:21 | Daen · first_building Monastery |
| 2:07 | Elgallodeoro · first_building Castle |
| 3:57 | Kurt Knispel · first_building Monastery |
| 4:54 | JDdaGABARA · resign |
[ AI ANALYSIS · 1 CREDIT ]
What really happened in this match?
Wolo.gg analyzes every decision: build order, eco, micro, common mistakes by bracket. Personalized analysis on WhatsApp or Discord in 30 seconds.
Civ guide
Italians
Perfil
Jugador #12908031